 Dungeon Crawl Stone Soup version 0.29.0-4-gdea44cf6ec (webtiles) character file.

Game seed: 12689528542115893177

25 qw the Chopper (level 2, 0/24 HPs)
             Began as a Demonspawn Cinder Acolyte on Sept 9, 2022.
             Was a High Priest of Ignis.
             Succumbed to a hobgoblin's poison
             ... on level 1 of the Dungeon.
             The game lasted 00:00:23 (1170 turns).

qw the Chopper (Demonspawn Cinder Acolyte)          Turns: 1170, Time: 00:00:23

Health: 0/24       AC:  9    Str: 14    XL:     2   Next: 82%
Magic:  3/3        EV: 11    Int: 15    God:    Ignis [*****.]
Gold:   4          SH:  0    Dex:  8    Spells: 3/3 levels left

rFire   + . .      SeeInvis .   a - -1 hand axe (flame)
rCold   . . .      Faith    .   (no shield)
rNeg    . . .      Spirit   .   b - +0 robe
rPois   .          Reflect  .   (no helmet)
rElec   .          Harm     .   (no cloak)
rCorr   .          Rampage  .   (no gloves)
Will    .....                   (no boots)
Stlth   +.........              (no amulet)
HPRegen 0.08/turn               (no ring)
MPRegen 0.08/turn               (no ring)

@: lethally poisoned (0 -> -9), fiery-armoured
A: demonic magic 1
a: Renounce Religion, Fiery Armour, Foxfire Swarm, Rising Flame


You were on level 1 of the Dungeon.
You worshipped Ignis.
Ignis was extremely pleased with you.
You visited 1 branch of the dungeon, and saw 1 of its levels.

You collected 4 gold pieces.


Innate Abilities, Weirdness & Mutations

Spells you cast may paralyse adjacent enemies.


   Skills:
 - Level 3.0 Fighting
 + Level 3.7 Axes
 - Level 1.0 Spellcasting
 - Level 2.6 Fire Magic


You had 3 spell levels left.
You didn't know any spells.
Your spell library contained the following spells:

 Spells                   Type           Power      Damage    Failure   Level
 Scorch                   Fire           16%        2d6       12%         2

Inventory:

Hand Weapons
 a - a -1 hand axe of flaming (weapon)
Armour
 b - a +0 robe (worn)
 e - a +0 scale mail
 f - a +1 helmet
Scrolls
 d - a scroll of torment {unknown}
Potions
 c - 2 potions of attraction {unknown}
 g - a potion of lignification {unknown}

Dungeon Overview and Level Annotations

Branches:
Dungeon (1/15)

Altars:


Message History

The endoplasm freezes you.
You are frozen.
You hit the endoplasm. You burn the endoplasm.
You kill the endoplasm!
You start resting.
HP restored.
A quokka and a kobold come into view.
The kobold shouts!
A goblin comes into view. It is wielding a +0 dagger.
The goblin shouts!
You hit the quokka. You burn the quokka.
The quokka is severely wounded.
The quokka bites you.
A hobgoblin comes into view. It is quivering poisoned darts.
The quokka bites you.
The hobgoblin shouts!
You hit the quokka. You burn the quokka.
You kill the quokka!
The hobgoblin throws a poisoned dart.
The poisoned dart closely misses you.
You hit the kobold. You burn the kobold.
You kill the kobold!
The hobgoblin throws a poisoned dart.
The poisoned dart barely misses you.
You barely miss the goblin.
The hobgoblin throws a poisoned dart.
The poisoned dart hits you!
You are poisoned.
The goblin completely misses you.
You hit the goblin but do no damage.
You feel very sick.
The hobgoblin throws a poisoned dart.
The poisoned dart hits you!
You are lethally poisoned!
The goblin hits you with a +0 dagger.
You hit the goblin. You burn the goblin.
You kill the goblin!
You feel very sick.
1168 ||| INVOKING Fiery Armour.
A protective cloak of flame settles atop you.
You feel very sick.
You feel very sick.
The hobgoblin throws a poisoned dart.
The poisoned dart barely misses you.
You die...

...........#
...........#
#.....?...##
##.........#
..........##
#.........#
#..))..=#
#...@.g.#
####.####
######..##
..........# ###
#######.#.## #
..#
#.#..#####....
..#
####.##.......#
>.#
.........######
..# ###.....#


You could see a hobgoblin.

Vanquished Creatures
  2 bats (D:1)
  3 endoplasms (D:1)
  A goblin (D:1)
  3 hobgoblins (D:1)
  4 quokkas (D:1)
  2 frilled lizards (D:1)
  3 kobolds (D:1)
  4 rats (D:1)
22 creatures vanquished.

Notes
Turn   | Place    | Note
-------+----------+-------------------------------------------
     0 | D:1      | qw the Demonspawn Cinder Acolyte began the quest for the
                  | Orb.
     0 | D:1      | Reached XP level 1. HP: 18/18 MP: 2/2
     0 | D:1      | 0 ||| qw: Version: 0.1-a-113-g051387a
     0 | D:1      | 0 ||| qw: Game counter: 7141
     0 | D:1      | 0 ||| qw: Always use a shield: true
     0 | D:1      | 0 ||| qw: God list: Okawaru
     0 | D:1      | 0 ||| qw: Allow faded altars: false
     0 | D:1      | 0 ||| qw: Do Orc after D:15 true
     0 | D:1      | 0 ||| qw: Do second Lair branch before Depths: true
     0 | D:1      | 0 ||| qw: Lair rune preference: random
     0 | D:1      | 0 ||| qw: Plans: Normal
     0 | D:1      | 0 ||| PLANNING D:1-11
   226 | D:1      | Reached skill level 3 in Axes
   417 | D:1      | Gained mutation: Spells you cast may paralyse adjacent
                  | enemies. [demonic ancestry]
   417 | D:1      | Reached XP level 2. HP: 21/24 MP: 3/3
   509 | D:1      | 509 ||| INVOKING Fiery Armour.
   714 | D:1      | 714 ||| INVOKING Fiery Armour.
   714 | D:1      | HP: 6/24 [quokka (3)]
   720 | D:1      | HP: 4/24 [endoplasm (2)]
  1168 | D:1      | 1168 ||| INVOKING Fiery Armour.
  1168 | D:1      | HP: 5/24 [poisoned by a hobgoblin]
  1169 | D:1      | HP: 2/24 [poisoned by a hobgoblin]
  1170 | D:1      | Succumbed to a hobgoblin's poison

Levels and vault maps discovered:
D:1:      dpeg_arrival_houses_and_road, layout_rooms, serial_shops,
          nicolae_shop_bloodbath_and_beyond

Skill      XL: |  1 |
---------------+----+-----
Axes           | 3 |  3.7
Fighting       | |  3.0
Spellcasting   | |  1.0
Fire Magic     | |  2.6

Action                   || total
-------------------------++-------
Melee: Hand axe          ||    83
       Punch             ||     1
Invok: Fiery Armour      ||     3
Armor: Robe              ||    13
Dodge: Dodged            ||    55

Table legend:
 A = Non-vault XP
 B = Vault XP
 C = Vault XP percentage of total XP
 D = Non-vault monster count
 E = Vault monster count
 F = Vault count percentage of total count
                 A         B        C        D         E       F
            +---------+---------+-------+---------+---------+-------
      Total |      36 |       0 |   0.0 |      22 |       0 |   0.0
            +---------+---------+-------+---------+---------+-------
        D:1 |      36 |       0 |   0.0 |      22 |       0 |   0.0
            +---------+---------+-------+---------+---------+-------
